 Dungeon Crawl Stone Soup version 0.30.1-9-gdf580d7c3d (webtiles) character file.

Game seed: 5400163010827173603

24 Amplified the Chopper (level 2, -1/25 HPs)
             Began as an Armataur Gladiator on Sept 30, 2023.
             Slain by Terence
             ... wielding a +1 flail of holy wrath
              (6 damage)
             ... on level 1 of the Dungeon.
             The game lasted 00:01:12 (711 turns).

Amplified the Chopper (Armataur Gladiator)           Turns: 711, Time: 00:01:12

Health: -1/25      AC:  9    Str: 19    XL:     2   Next: 79%
Magic:  2/2        EV:  6    Int:  8    God:
Gold:   57         SH:  0    Dex: 11    Spells: 1/1 levels left

rFire   . . .        a - +0 war axe
rCold   . . .        (no shield)
rNeg    . . .        k - +0 chain mail
rPois   .            c - +0 helmet
rElec   .            j - +0 cloak
rCorr   .            (no gloves)
SInv    .            (no barding)
Will    .....        (no amulet) Stlth
                     (no ring)
HPRegen 0.24/turn    (no ring)
MPRegen 0.08/turn

%: roll
@: silenced
A: large, rugged brown scales 3, deformed body, armoured tail, roll, long
tongue, awkward tongue
a: no special abilities


You were on level 1 of the Dungeon.
You visited 1 branch of the dungeon, and saw 2 of its levels.

You collected 57 gold pieces.

Inventory:

Hand Weapons
 a - a +0 war axe (weapon)
Missiles
 e - a javelin (quivered)
Armour
 c - a +0 helmet (worn)
 j - a +0 cloak (worn)
 k - a +0 chain mail (worn)
Scrolls
 b - 3 scrolls of fear
 i - a scroll of enchant armour {unknown}


   Skills:
 * Level 2.2 Fighting
 * Level 2.8 Axes
 - Level 1.7 Throwing
 * Level 1.6 Armour
 - Level 2.1 Dodging


You had one spell level left.
You didn't know any spells.
Your spell library was empty.

Dungeon Overview and Level Annotations

Branches:
Dungeon (2/15)

Altars:

Annotations:
D:1 Terence


Innate Abilities, Weirdness & Mutations

You are completely covered in rugged brown scales. (AC +3, +7% HP)
Armour fits poorly on your strangely shaped body.
You have a long armoured tail.
You roll when moving toward enemies. (Rampage)
Your long tongue fully drains potion bottles. (2x potion effects)
Your tongue gives you trouble enunciating. (1.5x scroll delay)


Message History

Press: ? - help, Q - select action, (/) - cycle Shift-Dir - straight line, f/p - Terence
Aim: Terence, wielding a +1 flail of holy wrath and wearing a +2 scale mail of cold resistance (60% to hit)
You throw a throwing net. The throwing net barely misses Terence.
Terence hits you with a +1 flail of holy wrath.
As you slowly read the scroll labelled UZE KOMPYAFUS, it crumbles to dust.
A profound silence engulfs you.
It was a scroll of silence.
Terence hits you but does no damage.
You hit Terence but do no damage.
Terence hits you with a +1 flail of holy wrath.
You closely miss Terence.
Terence hits you with a +1 flail of holy wrath!
* * * LOW HITPOINT WARNING * * *
Terence barely misses you.
Unknown command.
Unknown command.
Magic scrolls do not work when you're silenced!
Unknown command.
You feel better.
You slurp down every last drop of the potion of curing!
Terence hits you but does no damage.
Unknown command.
Terence hits you with a +1 flail of holy wrath.
Terence attacks as you move away!
Terence hits you with a +1 flail of holy wrath.
* * * LOW HITPOINT WARNING * * *
You aren't carrying any items that you can evoke.
Unknown command.
Okay, then.
Okay, then.
Magic scrolls do not work when you're silenced!
Unknown command.
There is a stone staircase leading up here.
Terence hits you with a +1 flail of holy wrath.
* * * LOW HITPOINT WARNING * * *
You climb upwards.
There is a stone staircase leading down here.
Unknown command.
Terence attacks as you move away!
Terence hits you with a +1 flail of holy wrath.
You die...

#......# #......#
#......# ###
#......# #.'
##..#...# #.#
####..)#.#.#######.#
#..................#
#.......###.##.#####
#.@@....# #.##.## #
#.>.....# #.##..####
#.......# #.###...##
#.......# #.# ###..'
#.......# #.# #..#
#.......# #.# ##.#
#.......# #.# #.#
######### #.#### #.#
#....###..


You could see Terence.

Vanquished Creatures
  A dart slug (D:1)
  2 bats
  2 endoplasms (D:1)
  3 giant cockroaches
  3 hobgoblins
  2 kobolds (D:1)
  2 ball pythons (D:1)
  A frilled lizard (D:1)
  2 goblins (D:1)
  A rat (D:1)
19 creatures vanquished.

Notes
Turn   | Place    | Note
-------+----------+-------------------------------------------
     0 | D:1      | Amplified the Armataur Gladiator began the quest for the
                  | Orb.
     0 | D:1      | Reached XP level 1. HP: 18/18 MP: 1/1
   167 | D:1      | Reached skill level 1 in Armour
   168 | D:1      | Reached XP level 2. HP: 17/25 MP: 2/2
   686 | D:2      | Noticed Terence
   711 | D:1      | Slain by Terence

Illustrated notes

Levels and vault maps discovered:
D:1:      roderic_octagonal_star, layout_rooms, hangedman_decor_growths
D:2:      layout_rooms, ebering_ecumenical_altar_sacrificial,
          kennysheep_generic_room_4, uniq_crazy_yiuf_cottage, uniq_terence,
          uniq_sigmund, uniq_robin

Skill      XL: |  1 |
---------------+----+-----
Fighting       | 2 |  2.2
Armour         | 1 |  1.6
Axes           | |  2.8
Throwing       | |  1.7
Dodging        | |  2.1

Action                     || total
---------------------------++-------
  Melee: War axe           ||    50
         Tailslap          ||     1
  Throw: Throwing net      ||     3
    Use: Scroll            ||     5
         Potion            ||     3
 Armour: Chain mail        ||    41
         Leather armour    ||     3
  Dodge: Dodged            ||    16
